[Event "Titled Tuesday Blitz March 21 Late 2023"]
[White "Kalajzic, Ivan"]
[Black "Golubev, Mikhail"]
[WhiteFideId "14506378"]
[BlackFideId "14100983"]
[WhiteElo "2203"]
[BlackElo "2374"]
[Result "0-1"]
[Round "06"]
[TimeControl "180+2"]
[Date "2023.03.21"]
[WhiteClock "0:00:07"]
[BlackClock "0:00:03"]

1. d4 Nf6 2. Nc3 d5 3. Bg5 e6 4. e4 dxe4 5. Nxe4 Be7 6. Bxf6 Bxf6 7. Nf3 O-O 8. c3 b6 9. Bd3 Bb7 10. Qc2 h6 11. h4 Be7 12. g4 f5 13. gxf5 exf5 14. Ned2 c5 15. O-O-O cxd4 16. Bxf5 dxc3 17. Ne4 Qc7 18. Nd4 Qf4+ 19. Kb1 Rxf5 20. Nxf5 Bxe4 21. Nxe7+ Kh7 22. Rd3 Na6 23. Qxc3 Nc5 24. Rd1 Bxd3+ 25. Rxd3 Qe4 26. Qc2 Qxd3 27. Qxd3+ Nxd3 28. Nf5 Nxf2 29. h5 Ng4 30. Nd6 Nf6 31. Nf7 Nxh5 32. b4 Nf4 33. a4 g5 34. a5 bxa5 35. bxa5 Rb8+ 36. Ka2 Rb5 37. a6 Ra5+ 38. Kb3 Rxa6 39. Kc4 Rf6 40. Nd8 h5 41. Kc5 h4 42. Nb7 h3 43. Na5 Rf5+ 44. Kc6 Rxa5 45. Kb7 h2 46. Ka8 h1=Q+ 47. Kb8 Rb5+ 48. Kc7 Qd5 49. Kc8 Qb7+ 50. Kd8 Rd5+ 51. Ke8 Qd7+ 52. Kf8 Ng6# 0-1


[Site "https://www.chess.com"]

[Event "Titled Tuesday Blitz March 21 Late 2023"]
[White "Bogaudinov, Rushan"]
[Black "Escanor89"]
[WhiteFideId "4129288"]
[WhiteElo "1949"]
[BlackElo "2497"]
[Result "0-1"]
[Round "06"]
[TimeControl "180+2"]
[Date "2023.03.21"]
[WhiteClock "0:00:02"]
[BlackClock "0:00:17"]

1. a3 d5 2. Nf3 g6 3. d4 Bg7 4. e3 Nf6 5. c4 O-O 6. b4 a5 7. Bb2 axb4 8. axb4 Rxa1 9. Bxa1 Bg4 10. c5 Nc6 11. Bc3 Ne4 12. b5 Nb8 13. Be2 Nd7 14. Qb3 c6 15. Nfd2 Bxe2 16. Kxe2 Nxc3+ 17. Nxc3 e5 18. bxc6 bxc6 19. Nf3 exd4 20. exd4 Qa5 21. Rc1 Qa6+ 22. Kd2 Bh6+ 23. Kc2 Bxc1 24. Kxc1 Rb8 25. Qd1 Qa1+ 26. Kd2 Rb2+ 27. Ke1 Qa5 28. Qd3 Rb3 29. Kd2 Nf6 30. Kc2 Qa3 31. Ng5 h6 32. Qf3 Qb2+ 33. Kd1 Rxc3 0-1


[Site "https://www.chess.com"]

[Event "Titled Tuesday Blitz March 21 Late 2023"]
[White "Kashefi, Amir Hosein"]
[Black "Itkis, Boris"]
[WhiteFideId "12557935"]
[BlackFideId "1209167"]
[WhiteElo "2078"]
[BlackElo "2216"]
[Result "1-0"]
[Round "06"]
[TimeControl "180+2"]
[Date "2023.03.21"]
[WhiteClock "0:00:18"]
[BlackClock "0:00:14"]

1. d4 d5 2. c4 dxc4 3. e3 a6 4. Bxc4 e6 5. a4 Nf6 6. Nf3 b6 7. O-O Bb7 8. Nc3 Bb4 9. Bd2 O-O 10. Qc2 Nbd7 11. Rfd1 Qe7 12. Rac1 Rac8 13. Bd3 c5 14. dxc5 Nxc5 15. Be2 Nce4 16. Be1 Nxc3 17. Bxc3 Bxc3 18. bxc3 Ne4 19. Qb3 Qc5 20. Rd7 Bd5 21. Qb2 Nxc3 22. Kf1 Bc4 23. Bd3 Bxd3+ 24. Rxd3 Nxa4 25. Rxc5 Nxb2 26. Rxc8 Rxc8 27. Rd7 b5 28. Ra7 f6 29. Rxa6 Rc2 30. Nd4 Rc1+ 31. Ke2 e5 32. Nf5 Rc2+ 33. Kf3 Nd3 34. Nd6 Rxf2+ 35. Kg3 h5 36. Nxb5 Re2 37. Kf3 Rb2 38. Nd6 Ne1+ 39. Ke4 Nxg2 40. Ra8+ Kh7 41. Ra7 Kh6 42. Nf5+ Kh7 43. Rxg7+ Kh8 44. Rg6 Kh7 45. Rxf6 Rb4+ 46. Kxe5 Rb5+ 47. Ke4 Rb4+ 48. Kf3 Ne1+ 49. Ke2 Ng2 50. Rh6+ Kg8 51. Rg6+ 1-0


[Site "https://www.chess.com"]

[Event "Titled Tuesday Blitz March 21 Late 2023"]
[White "MunichMouse"]
[Black "Kokoszczynski, Jan"]
[BlackFideId "1174460"]
[WhiteElo "2317"]
[BlackElo "2139"]
[Result "0-1"]
[Round "06"]
[TimeControl "180+2"]
[Date "2023.03.21"]
[WhiteClock "0:00:18"]
[BlackClock "0:00:08"]

1. d4 d5 2. c4 e6 3. Nf3 a6 4. cxd5 exd5 5. g3 c6 6. Bg2 Nf6 7. O-O Bd6 8. Nc3 O-O 9. Re1 Re8 10. Bg5 Bf5 11. Nh4 Be6 12. e4 dxe4 13. Nxe4 Be7 14. Nc5 Bxc5 15. dxc5 Nbd7 16. b4 h6 17. Be3 Ne5 18. Qc2 Nd3 19. Red1 Nxb4 20. Qb2 Nbd5 21. Qxb7 Qc8 22. Qxc8 Raxc8 23. Bd4 Rb8 24. Rab1 Nd7 25. a3 f6 26. Nf3 Kf7 27. Bf1 a5 28. Nd2 Bf5 29. Rxb8 Rxb8 30. Nc4 Bg4 31. Re1 a4 32. Nd6+ Kg8 33. Bc4 Bf3 34. Re8+ Rxe8 35. Nxe8 Kf7 36. Nc7 Ne5 37. Bxe5 fxe5 38. Nxd5 cxd5 39. Bb5 d4 40. Bxa4 d3 41. Bb3+ Ke7 42. Kf1 d2 43. a4 Kd7 44. a5 Kc6 45. a6 d1=Q+ 46. Bxd1 Bxd1 47. Ke1 Bf3 48. Kd2 Kxc5 49. Ke3 Ba8 50. f4 e4 51. f5 Kd6 52. Kf4 Kd5 53. g4 Kd4 54. h4 e3 55. g5 hxg5+ 56. hxg5 e2 57. f6 gxf6 58. gxf6 e1=Q 59. Kg5 Qg3+ 60. Kf5 Be4+ 61. Ke6 Bd5+ 62. Ke7 Qc7+ 63. Ke8 Qf7+ 64. Kd8 Kc5 65. a7 Kd6 66. Kc8 Qc7# 0-1


[Site "https://www.chess.com"]

[Event "Titled Tuesday Blitz March 21 Late 2023"]
[White "Becerra, Juan David"]
[Black "Storn, Justin"]
[WhiteFideId "4404998"]
[BlackFideId "30922720"]
[WhiteElo "2282"]
[BlackElo "2316"]
[Result "1-0"]
[Round "06"]
[TimeControl "180+2"]
[Date "2023.03.21"]
[WhiteClock "0:02:44"]
[BlackClock "0:01:55"]

1. e4 c6 2. c4 d5 3. cxd5 cxd5 4. exd5 Nf6 5. Qa4+ Nbd7 6. Nc3 g6 7. Bc4 Bg7 8. d3 O-O 9. Nf3 Nb6 10. Qb3 Bf5 11. Be3 Nxc4 12. dxc4 Qa5 13. O-O Rab8 14. Rfe1 a6 15. Bb6 1-0


[Site "https://www.chess.com"]

[Event "Titled Tuesday Blitz March 21 Late 2023"]
[White "Jimenez, Joaquin"]
[Black "Donskov, Anatoly"]
[WhiteFideId "109860"]
[BlackFideId "24143413"]
[WhiteElo "2163"]
[BlackElo "2247"]
[Result "1-0"]
[Round "06"]
[TimeControl "180+2"]
[Date "2023.03.21"]
[WhiteClock "0:01:20"]
[BlackClock "0:00:08"]

1. e4 c5 2. Nf3 e6 3. d4 cxd4 4. Nxd4 Nf6 5. Nc3 Nc6 6. Ndb5 Bc5 7. Nd6+ Ke7 8. Bf4 e5 9. Nf5+ Kf8 10. Bg5 d6 11. Nd5 Bxf2+ 12. Ke2 Bxf5 13. Nxf6 gxf6 14. Bh6+ Ke7 15. Kxf2 Bxe4 16. Bd3 d5 17. Bxe4 dxe4 18. Qg4 Qb6+ 19. Be3 Qxb2 20. Qxe4 Qc3 21. Rab1 b6 22. Rb3 f5 23. Rxc3 fxe4 24. Rxc6 f5 25. Bg5+ Kd7 26. Rh6 Rac8 27. Rd1+ Kc7 28. Bf6 Rhe8 29. Rxh7+ Kc6 30. Rhd7 Kb5 31. R7d5+ Ka4 32. Bxe5 Rxc2+ 33. Ke3 Rxg2 34. R5d4+ Ka5 35. Rd5+ Ka6 36. a4 Ra2 37. a5 Ra3+ 38. Ke2 Rg8 39. Bg3 Rxa5 40. Rxa5+ Kxa5 41. Rd5+ Kb4 42. Rxf5 a5 43. Bd6+ Kc4 44. Ke3 b5 45. Kxe4 Re8+ 46. Kf3 a4 47. Rf4+ Kd5 48. Bb4 Rh8 49. h4 Ke5 50. Bc3+ Kd5 51. Bxh8 1-0


[Site "https://www.chess.com"]

[Event "Titled Tuesday Blitz March 21 Late 2023"]
[White "Harish, Neeraj"]
[Black "Bruedigam, Martin"]
[WhiteFideId "30958130"]
[BlackFideId "24608033"]
[WhiteElo "1963"]
[BlackElo "2331"]
[Result "0-1"]
[Round "06"]
[TimeControl "180+2"]
[Date "2023.03.21"]
[WhiteClock "0:01:01"]
[BlackClock "0:00:34"]

1. e4 c6 2. d4 d5 3. e5 Bf5 4. h4 Qc7 5. h5 c5 6. dxc5 Qxe5+ 7. Be2 Nf6 8. Nf3 Qc7 9. Be3 e5 10. b4 d4 11. Bd2 a5 12. h6 axb4 13. hxg7 Bxg7 14. Bxb4 Nc6 15. Bd2 e4 16. Nh4 Be6 17. Bb5 e3 18. Bxc6+ bxc6 19. fxe3 Qg3+ 20. Kf1 Ng4 21. Qf3 Qxf3+ 22. gxf3 Nxe3+ 23. Bxe3 dxe3 24. c3 Bc4+ 25. Ke1 Bd3 26. Rg1 O-O 27. a4 Kh8 28. Rg5 Rfb8 0-1


[Site "https://www.chess.com"]

[Event "Titled Tuesday Blitz March 21 Late 2023"]
[White "Thiel, Thomas"]
[Black "Guliev, Logman"]
[WhiteFideId "4615964"]
[BlackFideId "13400061"]
[WhiteElo "2270"]
[BlackElo "2161"]
[Result "0-1"]
[Round "06"]
[TimeControl "180+2"]
[Date "2023.03.21"]
[WhiteClock "0:00:42"]
[BlackClock "0:00:26"]

1. e4 c5 2. Nc3 Nc6 3. Bb5 Nd4 4. Bc4 e6 5. Nge2 Nxe2 6. Qxe2 Be7 7. f4 d6 8. O-O Nf6 9. d3 O-O 10. Bb3 b6 11. f5 exf5 12. exf5 d5 13. Bg5 Bb7 14. Rae1 Bd6 15. Nxd5 Bxd5 16. Bxd5 Bxh2+ 17. Kxh2 Qxd5 18. Bxf6 gxf6 19. b3 Kh8 20. Qf3 Qd6+ 21. Qf4 Qd5 22. Qf3 Qd4 23. Qf4 Qc3 24. Re2 Rg8 25. Rf3 Rae8 26. Rfe3 Rxe3 27. Qxe3 Rg5 28. Qe7 Kg7 29. Qe4 Qb2 30. a4 Qc1 31. g4 h5 32. Rg2 hxg4 33. Rxg4 Qxc2+ 34. Rg2 Qxg2+ 35. Qxg2 Rxg2+ 36. Kxg2 Kh6 37. Kf3 Kg5 38. Ke4 Kg4 39. d4 cxd4 40. Kxd4 Kxf5 41. Kc4 Kg4 0-1


[Site "https://www.chess.com"]

[Event "Titled Tuesday Blitz March 21 Late 2023"]
[White "Lauridsen, Jesper Morch"]
[Black "Khandelwal, Ankush"]
[WhiteFideId "1401890"]
[BlackFideId "413470"]
[WhiteElo "2265"]
[BlackElo "2263"]
[Result "1-0"]
[Round "06"]
[TimeControl "180+2"]
[Date "2023.03.21"]
[WhiteClock "0:00:26"]
[BlackClock "0:00:24"]

1. e4 c5 2. Nf3 d6 3. d4 cxd4 4. Nxd4 Nf6 5. Nc3 Nc6 6. Bc4 e6 7. Be3 Be7 8. Bb3 O-O 9. O-O a6 10. f4 Nxd4 11. Bxd4 b5 12. e5 dxe5 13. fxe5 Nd7 14. Ne4 Bb7 15. Nd6 Bxd6 16. exd6 Qg5 17. Rf2 a5 18. a4 b4 19. Qe2 Qg6 20. Raf1 Ra6 21. h4 Rxd6 22. h5 Qg5 23. Be3 Qe5 24. h6 g6 25. Re1 Bd5 26. Qf1 Qxb2 27. Bxd5 Rxd5 28. c4 bxc3 29. Rxb2 cxb2 30. Rb1 Rb8 31. Qf4 e5 32. Qf2 Rd3 33. Rxb2 Rxb2 34. Qxb2 Rxe3 35. Qd2 1-0


[Site "https://www.chess.com"]

[Event "Titled Tuesday Blitz March 21 Late 2023"]
[White "Gonzalez, Francisco Silva"]
[Black "Battlecruiser_Operational"]
[WhiteFideId "1512285"]
[WhiteElo "2074"]
[BlackElo "2253"]
[Result "1-0"]
[Round "06"]
[TimeControl "180+2"]
[Date "2023.03.21"]
[WhiteClock "0:00:18"]
[BlackClock "0:00:03"]

1. d4 e6 2. c4 f5 3. e3 Nf6 4. Nc3 Bb4 5. Bd3 O-O 6. Ne2 b6 7. O-O Bb7 8. f3 d5 9. Bd2 c5 10. Qc2 Nc6 11. a3 cxd4 12. exd4 Be7 13. cxd5 Nxd5 14. Nxd5 Qxd5 15. Bc4 Qd7 16. Bc3 Rac8 17. Qb3 Nd8 18. Nf4 Rxc4 19. Qxc4 Bd6 20. Nh3 Bd5 21. Qe2 Qc7 22. g3 Bc4 23. Qf2 Bxf1 24. Rxf1 Qc4 25. Re1 h6 26. Qe3 Kf7 27. Nf4 g5 28. Nd3 Nc6 29. Rc1 Qd5 30. b4 Rd8 31. Bb2 a6 32. Kf2 Bb8 33. h4 Nxd4 34. hxg5 Nb5 35. Rd1 Qb3 36. Rd2 Qc4 37. gxh6 f4 38. gxf4 Ke7 39. f5 Rd6 40. Qg5+ Kd7 41. Ne5+ 1-0


[Site "https://www.chess.com"]

[Event "Titled Tuesday Blitz March 21 Late 2023"]
[White "Vadim_Galchenko"]
[Black "Huber, Benedikt"]
[BlackFideId "12923583"]
[WhiteElo "2197"]
[BlackElo "2199"]
[Result "0-1"]
[Round "06"]
[TimeControl "180+2"]
[Date "2023.03.21"]
[WhiteClock "0:01:21"]
[BlackClock "0:01:21"]

1. e4 e6 2. d4 d5 3. Nd2 Nc6 4. Ngf3 Nf6 5. e5 Nd7 6. Be2 f6 7. exf6 Nxf6 8. Nf1 Bd6 9. Ne3 O-O 10. O-O Bd7 11. c4 Be8 12. c5 Be7 13. Bb5 Ne4 14. Bxc6 Bxc6 15. Ne5 Bb5 16. Nd3 Bf6 17. f3 Bxd4 18. fxe4 Rxf1+ 19. Kxf1 dxe4 20. Kg1 Bxd3 21. Kh1 Qh4 22. Bd2 Rf8 23. Qb3 Qf6 24. h3 Bxc5 25. Ng4 Qf5 26. Qxb7 h5 27. Ne3 Qf2 28. Qc6 Bxe3 29. Qxe6+ Kh8 0-1


[Site "https://www.chess.com"]

[Event "Titled Tuesday Blitz March 21 Late 2023"]
[White "Bilan, Danila"]
[Black "Rose, Felix"]
[WhiteFideId "24161918"]
[BlackFideId "5105722"]
[WhiteElo "2182"]
[BlackElo "2039"]
[Result "1-0"]
[Round "06"]
[TimeControl "180+2"]
[Date "2023.03.21"]
[WhiteClock "0:00:59"]
[BlackClock "0:01:12"]

1. d4 Nf6 2. Nf3 d5 3. c4 e6 4. Nc3 Be7 5. Bg5 Nbd7 6. e3 h6 7. Bh4 O-O 8. Bd3 c5 9. cxd5 Nxd5 10. Bxe7 Nxe7 11. O-O b6 12. Be4 Rb8 13. Qa4 cxd4 14. exd4 a6 15. Rfd1 b5 16. Qc2 Nf6 17. Ne5 b4 18. Na4 Nxe4 19. Qxe4 Bb7 20. Qg4 Nf5 21. Nc5 Qd5 22. Ned7 h5 23. Nf6+ Kh8 24. Qxh5+ 1-0


[Site "https://www.chess.com"]

[Event "Titled Tuesday Blitz March 21 Late 2023"]
[White "Bongo Akanga Ndjila, Barthelemy"]
[Black "Cyfka, Karina"]
[WhiteFideId "10609431"]
[BlackFideId "1122681"]
[WhiteElo "1768"]
[BlackElo "2241"]
[Result "0-1"]
[Round "06"]
[TimeControl "180+2"]
[Date "2023.03.21"]
[WhiteClock "0:01:38"]
[BlackClock "0:00:59"]

1. d4 Nf6 2. c4 g6 3. Nc3 Bg7 4. e4 O-O 5. Be2 d6 6. Nf3 e5 7. O-O exd4 8. Nxd4 Re8 9. f3 c6 10. Nc2 d5 11. cxd5 cxd5 12. exd5 Bf5 13. Nd4 Nxd5 14. Nxf5 Nxc3 15. Qxd8 Nxe2+ 16. Kf2 Rxd8 17. Ne7+ Kf8 18. Nxg6+ hxg6 19. Kxe2 Nc6 20. Bg5 Rd7 21. Rac1 Re8+ 22. Kf2 Bxb2 23. Rc2 Bd4+ 24. Kg3 f6 25. Bc1 Kf7 26. Ba3 g5 27. h4 gxh4+ 28. Kxh4 Rh8+ 29. Kg4 Ne5+ 30. Kg3 Ke6 31. f4 Rg7# 0-1


[Site "https://www.chess.com"]

[Event "Titled Tuesday Blitz March 21 Late 2023"]
[White "Bullen, Alex"]
[Black "Fernandez, Maria Florencia"]
[WhiteFideId "1801627"]
[BlackFideId "116459"]
[WhiteElo "2088"]
[BlackElo "2155"]
[Result "0-1"]
[Round "06"]
[TimeControl "180+2"]
[Date "2023.03.21"]
[WhiteClock "0:00:18"]
[BlackClock "0:00:06"]

1. d4 Nf6 2. Nf3 g6 3. Nbd2 Bg7 4. e4 d6 5. Bd3 O-O 6. O-O c6 7. a4 a5 8. Re1 Qc7 9. c3 e5 10. dxe5 dxe5 11. Nc4 Nbd7 12. Be3 Ng4 13. Bc2 Nxe3 14. Rxe3 Nc5 15. Qd6 Qxd6 16. Nxd6 Bg4 17. b4 axb4 18. cxb4 Na6 19. b5 cxb5 20. axb5 Nc5 21. Rea3 Rxa3 22. Rxa3 Rd8 23. Nc4 Nxe4 24. Nfxe5 Be6 25. h3 Nd2 26. Nxd2 Rxd2 27. Ra8+ Bf8 28. Be4 b6 29. f3 Kg7 30. Nc6 Bc5+ 31. Kh2 Bd6+ 32. Kg1 Bg3 33. Ra1 Bc4 34. Na7 Bb8 35. Nc8 Be5 36. Rc1 Bxb5 37. Kh1 Bd4 38. Nd6 Be2 39. Rc7 Rd1+ 40. Kh2 Be5+ 41. g3 Bxd6 42. Rd7 Bxg3+ 43. Kxg3 Rxd7 44. Kh4 f5 45. f4 fxe4 46. f5 gxf5 47. Kg5 Bd3 48. h4 e3 49. h5 e2 50. h6+ Kf7 51. Kh5 f4 52. Kh4 f3 53. Kh5 e1=Q 54. Kg5 Qe5+ 55. Kg4 Rd4+ 56. Kh3 Qh5+ 57. Kg3 Rg4+ 58. Kf2 Qh2+ 59. Ke3 Qf4+ 60. Kxd3 Qd4+ 61. Kc2 Rg2+ 62. Kc1 Qg1# 0-1


[Site "https://www.chess.com"]

[Event "Titled Tuesday Blitz March 21 Late 2023"]
[White "Przybylski, Wojciech"]
[Black "ilya2700"]
[WhiteFideId "1117599"]
[WhiteElo "2222"]
[BlackElo "2149"]
[Result "1-0"]
[Round "06"]
[TimeControl "180+2"]
[Date "2023.03.21"]
[WhiteClock "0:01:17"]
[BlackClock "0:01:30"]

1. e4 e5 2. Nf3 Nc6 3. d4 exd4 4. Nxd4 Bc5 5. Nb3 Bb6 6. Bd3 Nf6 7. O-O d6 8. N1d2 O-O 9. Nc4 Ne5 10. Nxb6 axb6 11. f4 Nxd3 12. cxd3 Be6 13. Nd4 Ra5 14. f5 Bd7 15. Bg5 h6 16. Bh4 Qe7 17. Nf3 d5 18. e5 Bxf5 19. exf6 Qe3+ 20. Bf2 Qxd3 21. fxg7 Kxg7 22. Bd4+ Kh7 23. Ng5+ Kg6 24. Nh3 Qxd1 25. Nf4+ Kg5 26. Raxd1 c5 27. h4+ Kxh4 28. Bf6+ Kg4 29. Nxd5 Ra4 1-0


[Site "https://www.chess.com"]

[Event "Titled Tuesday Blitz March 21 Late 2023"]
[White "Piriflillo"]
[Black "dorpato"]
[WhiteElo "2430"]
[BlackElo "2014"]
[Result "1-0"]
[Round "06"]
[TimeControl "180+2"]
[Date "2023.03.21"]
[WhiteClock "0:00:49"]
[BlackClock "0:00:20"]

1. e4 c5 2. Nc3 g6 3. d4 Bg7 4. Be3 cxd4 5. Bxd4 e5 6. Bc5 b6 7. Bd6 Bb7 8. Nf3 Nc6 9. Bc4 Nge7 10. Qd2 O-O 11. O-O-O Na5 12. Bd5 Nxd5 13. Bxf8 Nxc3 14. Bxg7 Nxd1 15. Bxe5 f6 16. Bd4 Nxb2 17. Bxb2 Nc4 18. Qd4 Nxb2 19. Kxb2 Qe7 20. Re1 Rc8 21. Re3 Kf7 22. e5 Bxf3 23. exf6 Qc5 24. Qxd7+ Kf8 25. Qg7# 1-0


[Site "https://www.chess.com"]

[Event "Titled Tuesday Blitz March 21 Late 2023"]
[White "Gatterer, Florian"]
[Black "Reprintsev, Alexander"]
[WhiteFideId "811688"]
[BlackFideId "14100541"]
[WhiteElo "2221"]
[BlackElo "2229"]
[Result "1/2-1/2"]
[Round "06"]
[TimeControl "180+2"]
[Date "2023.03.21"]
[WhiteClock "0:00:14"]
[BlackClock "0:00:57"]

1. e4 d5 2. exd5 Qxd5 3. Nc3 Qa5 4. d4 Nf6 5. Nf3 Nc6 6. d5 Nb4 7. Bc4 e6 8. dxe6 Bxe6 9. Bxe6 fxe6 10. O-O Bd6 11. Qe2 Qf5 12. Nd4 Qe5 13. Qxe5 Bxe5 14. Nxe6 Nxc2 15. Rb1 Kf7 16. Ng5+ Kg6 17. Nf3 Rhe8 18. Bd2 Nd4 19. Nxe5+ Rxe5 20. Be3 Nf5 21. Bf4 Rc5 22. Rfe1 Rd8 23. Rbd1 Rxd1 24. Rxd1 c6 25. Kf1 Rc4 26. Be5 Rb4 27. Bxf6 Kxf6 28. b3 Rd4 29. Ke2 Rxd1 30. Nxd1 Ke5 31. Kd3 b5 32. Ne3 Nxe3 33. Kxe3 c5 34. f4+ Kd5 35. g4 c4 36. bxc4+ bxc4 37. a4 a5 38. h3 g6 39. f5 gxf5 40. gxf5 Ke5 41. f6 Kxf6 42. Kd4 Kg5 43. Kxc4 Kh4 44. Kb5 Kxh3 45. Kxa5 h5 46. Kb6 h4 47. a5 Kh2 48. a6 h3 49. a7 Kg1 50. a8=Q h2 51. Qa1+ Kg2 52. Qb2+ Kg1 53. Qc1+ Kg2 54. Qd2+ Kg1 55. Qe1+ Kg2 56. Qe2+ Kg1 57. Qe3+ Kg2 58. Qg5+ Kh1 59. Qh4 Kg2 60. Qg4+ Kf1 61. Qf3+ Kg1 62. Qg3+ Kh1 63. Qh3 Kg1 64. Qg4+ Kf2 65. Qf5+ Kg2 66. Qg6+ Kf2 67. Qf7+ Kg2 68. Qg8+ Kf2 69. Qf8+ Kg2 70. Qg7+ Kf2 71. Qf6+ Kg2 72. Qg5+ Kf2 73. Qf4+ Kg2 74. Qe4+ Kg1 75. Qe1+ Kg2 76. Qe4+ Kg1 77. Qg4+ Kf2 78. Qh3 Kg1 79. Qg3+ Kh1 80. Qe1+ Kg2 1/2-1/2


[Site "https://www.chess.com"]

[Event "Titled Tuesday Blitz March 21 Late 2023"]
[White "Korkmaz, Necmettin"]
[Black "Gallegos Diaz, Carlos Alberto"]
[WhiteFideId "6303285"]
[BlackFideId "3900886"]
[WhiteElo "2097"]
[BlackElo "2362"]
[Result "1-0"]
[Round "06"]
[TimeControl "180+2"]
[Date "2023.03.21"]
[WhiteClock "0:00:22"]
[BlackClock "0:00:06"]

1. e4 d6 2. d4 Nf6 3. Nc3 c6 4. a4 Qa5 5. Bd3 e5 6. Ne2 Be7 7. O-O O-O 8. h3 Nbd7 9. Be3 Re8 10. Qd2 Qc7 11. d5 Bf8 12. Bc4 Nb6 13. Bb3 cxd5 14. Nb5 Qd8 15. exd5 a6 16. Nbc3 Bf5 17. Ng3 Bg6 18. a5 Nbd7 19. f3 Rc8 20. Nge4 Nxe4 21. Nxe4 Bxe4 22. fxe4 Qh4 23. Ba4 Rc7 24. Bb6 Nxb6 25. Bxe8 Re7 26. Bxf7+ Rxf7 27. Rxf7 Kxf7 28. axb6 Qxe4 29. Rf1+ Ke8 30. Qf2 Be7 31. Qf7+ Kd7 32. Qe6+ Kd8 33. Rf7 Qh4 34. Rxg7 Qe1+ 35. Kh2 Qh4 36. Rg8+ 1-0


[Site "https://www.chess.com"]

[Event "Titled Tuesday Blitz March 21 Late 2023"]
[White "Sarkar, Justin"]
[Black "Carbone, Diego"]
[WhiteFideId "2010011"]
[BlackFideId "3002179"]
[WhiteElo "2189"]
[BlackElo "2266"]
[Result "0-1"]
[Round "06"]
[TimeControl "180+2"]
[Date "2023.03.21"]
[WhiteClock "0:00:04"]
[BlackClock "0:01:15"]

1. e4 e5 2. f4 exf4 3. Nf3 Nf6 4. e5 Nh5 5. Be2 g6 6. O-O Bg7 7. d4 O-O 8. Ne1 d6 9. Bxh5 gxh5 10. exd6 Bg4 11. Qd3 Qxd6 12. c3 c5 13. Bxf4 Qg6 14. Qxg6 hxg6 15. dxc5 Nd7 16. Bd6 Rfc8 17. h3 Bf5 18. Nd2 Nxc5 19. Nb3 Na4 20. Rf2 Bh6 21. Nd4 Be3 22. Nxf5 gxf5 0-1


[Site "https://www.chess.com"]

[Event "Titled Tuesday Blitz March 21 Late 2023"]
[White "Quinones Garcia, Santiago"]
[Black "Castella Garcia, Fausto"]
[WhiteFideId "4408497"]
[BlackFideId "3501922"]
[WhiteElo "2263"]
[BlackElo "2245"]
[Result "1-0"]
[Round "06"]
[TimeControl "180+2"]
[Date "2023.03.21"]
[WhiteClock "0:01:23"]
[BlackClock "0:00:42"]

1. d4 Nf6 2. c4 g6 3. Nc3 Bg7 4. e4 O-O 5. Nf3 d6 6. Be2 c5 7. O-O cxd4 8. Nxd4 Nc6 9. Be3 Bd7 10. h3 Nxd4 11. Bxd4 Bc6 12. Qc2 a5 13. Rad1 Nd7 14. Bxg7 Kxg7 15. Bg4 Ne5 16. b3 Nxg4 17. hxg4 Qd7 18. Qe2 Qe6 19. f4 f5 20. gxf5 gxf5 21. exf5 Qxe2 22. Nxe2 Rxf5 23. Nd4 Rf6 24. f5 Kf7 25. Rf4 Rg8 26. Rd2 h5 27. Rh4 Rg5 28. Kh2 Rh6 29. Rf2 Rg4 30. Rxg4 hxg4+ 31. Kg3 Kf6 32. Kxg4 Ke5 33. Nxc6+ bxc6 34. Kg5 Rh2 35. Re2+ Kd4 36. Rxe7 Rxg2+ 37. Kf6 Rxa2 38. Ke6 Kc5 39. f6 d5 40. cxd5 cxd5 41. f7 Rf2 42. Re8 d4 43. f8=Q+ Rxf8 44. Rxf8 1-0


[Site "https://www.chess.com"]

[Event "Titled Tuesday Blitz March 21 Late 2023"]
[White "Kaplan, Avi Harrison"]
[Black "TigranHH"]
[WhiteFideId "30934559"]
[WhiteElo "1983"]
[BlackElo "2300"]
[Result "0-1"]
[Round "06"]
[TimeControl "180+2"]
[Date "2023.03.21"]
[WhiteClock "0:00:08"]
[BlackClock "0:00:16"]

1. Nf3 d5 2. g3 Nc6 3. Bg2 e5 4. O-O Nf6 5. c4 d4 6. e3 Be7 7. exd4 exd4 8. Re1 O-O 9. d3 h6 10. a3 a5 11. Ne5 Nxe5 12. Rxe5 c6 13. Nd2 Bg4 14. Qb3 Bd6 15. Re1 Re8 16. Rxe8+ Qxe8 17. Qxb7 Qe1+ 18. Nf1 Rd8 19. Qxc6 Be2 20. c5 Ng4 21. Be3 Qxa1 22. Bxd4 Be7 23. Qe4 Bxf1 24. Bxf1 Nxh2 25. Kxh2 Qxf1 26. c6 Bd6 27. Qg4 g6 28. Qf3 Bxg3+ 29. Qxg3 Rxd4 30. c7 Qc1 31. Qh3 Qxc7+ 32. Kg2 Qd7 33. Qxh6 Rxd3 34. Qh4 Qd5+ 35. Kh2 Rd4 36. Qh6 Qe5+ 37. Kg2 Qf4 38. Qh3 Qg4+ 39. Qxg4 Rxg4+ 40. Kf3 Rc4 41. b4 axb4 42. axb4 Rxb4 43. Kg3 f5 44. Kg2 g5 45. Kg3 Kg7 46. Kg2 Kg6 47. Kg3 Kh5 48. Kg2 Rb3 49. Kh2 Kg4 50. Kg2 Kf4 51. Kg1 g4 52. Kg2 Rb2 53. Kg1 Kf3 54. Kh1 g3 55. Kg1 gxf2+ 56. Kh2 f1=Q# 0-1


[Site "https://www.chess.com"]

[Event "Titled Tuesday Blitz March 21 Late 2023"]
[White "Balla, Tamas-Kristof"]
[Black "olga-belka"]
[WhiteFideId "1208497"]
[WhiteElo "2334"]
[BlackElo "2244"]
[Result "1-0"]
[Round "06"]
[TimeControl "180+2"]
[Date "2023.03.21"]
[WhiteClock "0:00:25"]
[BlackClock "0:00:13"]

1. e4 c5 2. Nf3 d6 3. d4 cxd4 4. Qxd4 Nc6 5. Qe3 Nf6 6. Be2 e5 7. c4 a6 8. O-O Be7 9. Nc3 O-O 10. b3 Be6 11. Bb2 Nb4 12. Rac1 Rc8 13. Rfd1 Qa5 14. a3 Nc6 15. h3 b5 16. cxb5 axb5 17. Nxb5 d5 18. b4 Qa8 19. exd5 Nxd5 20. Qe4 Nf4 21. Nxe5 Nxe5 22. Qxf4 Ng6 23. Qg3 Bh4 24. Qf3 Qb8 25. Rxc8 Rxc8 26. a4 Rc2 27. Bd4 h6 28. Bd3 Ra2 29. Bxg6 fxg6 30. Qe4 Bb3 31. Rc1 Bg5 32. Qxg6 Qf8 33. Rc8 1-0


[Site "https://www.chess.com"]

[Event "Titled Tuesday Blitz March 21 Late 2023"]
[White "Lorenzo De La Riva, Lazaro"]
[Black "ritanovikova"]
[WhiteFideId "2268809"]
[WhiteElo "2294"]
[BlackElo "2196"]
[Result "0-1"]
[Round "06"]
[TimeControl "180+2"]
[Date "2023.03.21"]
[WhiteClock "0:00:21"]
[BlackClock "0:00:21"]

1. Nc3 e5 2. Nf3 Nc6 3. d4 exd4 4. Nxd4 Bc5 5. Nb3 Bb6 6. e4 d6 7. Qe2 Be6 8. Be3 Nge7 9. O-O-O O-O 10. f4 Qe8 11. f5 Bd7 12. Qg4 Ne5 13. Qg3 f6 14. Kb1 Kh8 15. Bc1 a5 16. Nd4 a4 17. a3 Bc5 18. h4 b5 19. Nce2 b4 20. axb4 Bxb4 21. Nf4 a3 22. b3 c5 23. Nde6 Bxe6 24. Nxe6 Rg8 25. Ka2 Qh5 26. Qe1 Bxe1 27. Rxe1 Nxf5 28. exf5 Qxf5 29. Nc7 Qxc2+ 30. Ka1 Qc3+ 31. Ka2 Rab8 32. Bb5 Qc2+ 33. Kxa3 Ra8+ 34. Ba4 c4 35. Nb5 cxb3 36. Nxd6 h5 37. Rxe5 fxe5 38. Nf7+ Kh7 39. Ng5+ Kg6 40. Re1 Rxa4+ 41. Kxa4 b2+ 42. Ka5 bxc1=Q 43. Rxe5 Qc5+ 44. Rxc5 Qxc5+ 45. Ka4 Qb6 46. Ne6 Ra8# 0-1


[Site "https://www.chess.com"]

[Event "Titled Tuesday Blitz March 21 Late 2023"]
[White "Michalski, Olaf"]
[Black "Jimenez Jimenez, Leandro"]
[WhiteFideId "1106740"]
[BlackFideId "6415253"]
[WhiteElo "2173"]
[BlackElo "2263"]
[Result "1-0"]
[Round "06"]
[TimeControl "180+2"]
[Date "2023.03.21"]
[WhiteClock "0:00:06"]
[BlackClock "0:00:01"]

1. d4 d5 2. c4 dxc4 3. e4 e5 4. d5 Nf6 5. Nc3 b5 6. a3 Bc5 7. Qc2 c6 8. Bg5 h6 9. Bh4 Qb6 10. Bxf6 gxf6 11. Nf3 Bb7 12. O-O-O a5 13. dxc6 Bxc6 14. Nd5 Bxd5 15. Rxd5 Nc6 16. a4 Nb4 17. Qd1 Nxd5 18. exd5 c3 19. Bxb5+ Ke7 20. bxc3 Rhc8 21. c4 Bxf2 22. Rf1 Be3+ 23. Kc2 Rd8 24. Nh4 Rac8 25. Qg4 Bg5 26. Nf5+ Kf8 27. h4 Rxc4+ 28. Qxc4 Be3 29. Rf3 Bg5 30. hxg5 hxg5 31. Ne3 Kg7 32. Bc6 Rb8 33. Qb5 Qc7 34. Qc5 Rb4 35. Nc4 e4 36. Rf5 Qg3 37. Nd2 1-0


[Site "https://www.chess.com"]